 Dungeon Crawl Stone Soup version 0.30-a0-585-g93115170b9 (webtiles) character file.

Game seed: 16757690728958552303

176699 Crownlay the Severer (level 18, -4/143 HPs)
             Began as a Gnoll Wanderer on Dec 31, 2022.
             Was the Champion of Cheibriados.
             Slain by a naga warrior
             ... wielding a +0 halberd
              (10 damage)
             ... on level 4 of the Snake Pit on Jan 1, 2023.
             The game lasted 01:24:38 (30918 turns).

Crownlay the Severer (Gnoll Wanderer)              Turns: 30918, Time: 01:24:39

Health: -4/143     AC: 19    Str: 36    XL:     18   Next: 14%
Magic:  34/34      EV: 22    Int: 30    God:    Cheibriados [******]
Gold:   2138       SH: 28    Dex: 30    Spells: 23/42 levels left

rFire   . . .      SeeInvis +    w - +9 broad axe (elec)
rCold   . . .      Faith    +    u - +6 tower shield "Momaq" {rElec}
rNeg    . . .      Spirit   .    T - +2 ring mail of Foolhardiness {Slay+4 SInv Stlth+}
rPois   .          Reflect  .    x - +1 helmet {Int+3}
rElec   +          Harm     .    q - +0 cloak {Will+}
rCorr   +          Rampage  .    (no gloves)
Will    ++++.      Clarity  +    E - +4 pair of boots of Arcadian Satisfaction {Str+9}
Stlth   ++++++                   t - amulet "Ucejioss" {Faith Will++ Int-4 Slay+2}
HPRegen 0.43/turn                b - +4 ring of slaying
MPRegen 0.24/turn                R - ring of resist corrosion

@: lethally poisoned (-4 -> -49), very slow
A: fangs 1, strong nose, distributed training, clarity
a: Renounce Religion, Bend Time, Temporal Distortion, Slouch, Step From Time


You were on level 4 of the Snake Pit.
You worshipped Cheibriados.
Cheibriados was exalted by your worship.
You visited 4 branches of the dungeon, and saw 26 of its levels.
You also visited: Bailey.

You collected 3669 gold pieces.
You spent 1531 gold pieces at shops.

Inventory:

Hand Weapons
 j - the +7 great mace "Undeadhunter" {disrupt, rN+}
   (You found it on level 10 of the Dungeon)

   It inflicts significantly more damage against the undead.
   rN:        It protects you from negative energy.
 w - a +9 broad axe of electrocution (weapon)
 P - the +6 flail of Skirmishing {flame, rF- Str+6 Dex+3}
   (You found it on level 5 of the Lair of Beasts)

   It burns those it strikes, dealing additional fire damage.
   Str:       It affects your strength (+6).
   Dex:       It affects your dexterity (+3).
   rF:        It makes you vulnerable to fire.
Missiles
 a - 5 silver boomerangs
 n - 4 boomerangs of dispersal
 K - a throwing net
 Z - 13 boomerangs (quivered)
Armour
 q - a +0 cloak of willpower (worn)
 u - the +6 tower shield "Momaq" (worn) {rElec}
   (You took it off Louise on level 15 of the Dungeon)

   rElec:     It insulates you from electricity.
 x - a +1 helmet of intelligence (worn)
 E - the +4 pair of boots of Arcadian Satisfaction (worn) {Str+9}
   (You acquired it in a bailey)

   Str:       It affects your strength (+9).
 T - the +2 ring mail of Foolhardiness (worn) {Slay+4 SInv Stlth+}
   (You bought it in a shop on level 11 of the Dungeon)

   Slay:      It affects your accuracy & damage with ranged weapons and melee
   (+4).
   SInv:      It lets you see invisible.
   Stlth:     It makes you more stealthy.
 Y - a +0 kite shield of reflection
Jewellery
 b - a +4 ring of slaying (left hand)
 s - a ring of fire
 t - the amulet "Ucejioss" (around neck) {Faith Will++ Int-4 Slay+2}
   (You acquired it in a bailey)

   [amulet of faith]

   It allows you to gain divine favour quickly.
   Int:       It affects your intelligence (-4).
   Slay:      It affects your accuracy & damage with ranged weapons and melee
   (+2).
   Will:      It greatly increases your willpower.
 R - a ring of resist corrosion (right hand)
 U - a ring of protection from cold
Wands
 l - a wand of digging (2)
 v - a wand of flame (29)
 D - a wand of mindburst (19)
 F - a wand of polymorph (19)
 M - a wand of light (17)
 N - a wand of iceblast (7)
 O - a wand of charming (5)
Scrolls
 d - 3 scrolls of blinking
 h - a scroll of silence
 y - 3 scrolls of immolation
 A - 4 scrolls of butterflies
 B - 4 scrolls of amnesia
 C - 8 scrolls of enchant weapon
 G - 11 scrolls of teleportation
 H - 2 scrolls of brand weapon
 J - 5 scrolls of magic mapping
 Q - 5 scrolls of fog
 S - 6 scrolls of fear
 V - 3 scrolls of poison
Potions
 f - 3 potions of might
 g - 8 potions of heal wounds
 i - 3 potions of berserk rage
 k - a potion of flight
 m - 14 potions of curing
 o - a potion of mutation
 p - 5 potions of magic
 r - 6 potions of cancellation
 z - 2 potions of ambrosia
 I - 2 potions of invisibility
 L - 4 potions of resistance
 W - a potion of brilliance
Miscellaneous
 c - a condenser vane


   Skills:
 + Level 13.3 Fighting
 + Level 12.6 Short Blades
 + Level 12.6 Long Blades
 + Level 16.0 Axes
 + Level 12.6 Maces & Flails
 + Level 12.6 Polearms
 + Level 12.6 Staves
 + Level 12.6 Ranged Weapons
 + Level 12.6 Throwing
 + Level 12.6 Armour
 + Level 12.6 Dodging
 + Level 12.6 Stealth
 + Level 12.8 Shields
 + Level 12.6 Unarmed Combat
 + Level 12.9 Spellcasting
 + Level 10.6 Conjurations
 + Level 10.6 Hexes
 + Level 10.6 Summonings
 + Level 10.6 Necromancy
 + Level 10.6 Translocations
 + Level 10.6 Transmutations
 + Level 10.6 Fire Magic
 + Level 10.6 Ice Magic
 + Level 10.6 Air Magic
 + Level 10.6 Earth Magic
 + Level 10.6 Poison Magic
 + Level 13.6 Invocations
 + Level 12.8 Evocations


You had 23 spell levels left.
You knew the following spells:

 Your Spells              Type           Power      Damage    Failure   Level
a - Borgnjor's Vile Clut  Necr/Erth      35%        N/A       5%          5
b - Statue Form           Tmut/Erth      46%        N/A       28%         6
c - Necromutation         Tmut/Necr      35%        N/A       100%        8

Your spell library contained the following spells:

 Spells                   Type           Power      Damage    Failure   Level
 Kiss of Death            Conj/Necr      100%       2d13      1%          1
 Shock                    Conj/Air       100%       1d9       1%          1
 Blink                    Tloc           100%       N/A       1%          2
 Momentum Strike          Conj/Tloc      100%       3d10      1%          2
 Static Discharge         Conj/Air       100%       2-7/arc   1%          2
 Sublimation of Blood     Necr           70%        N/A       1%          2
 Wereblood                Tmut           70%        N/A       1%          2
 Confusing Touch          Hex            70%        N/A       1%          3
 Frozen Ramparts          Ice            100%       1d16      1%          3
 Ignite Poison            Fire/Tmut/Pois 70%        N/A       1%          3
 Inner Flame              Hex/Fire       70%        N/A       1%          3
 Lesser Beckoning         Tloc           100%       N/A       1%          3
 Ozocubu's Armour         Ice            70%        N/A       1%          3
 Swiftness                Air            70%        N/A       1%          3
 Vhi's Electric Charge    Tloc/Air       100%       N/A       1%          3
 Airstrike                Air            35%        2d(5-21)  1%          4
 Animate Dead             Necr           70%        N/A       1%          4
 Cause Fear               Hex            35%        N/A       1%          4
 Dispel Undead            Necr           70%        3d24      1%          4
 Ice Form                 Ice/Tmut       70%        N/A       1%          4
 Leda's Liquefaction      Hex/Erth       35%        N/A       1%          4
 Manifold Assault         Tloc           70%        N/A       1%          4
 Sticky Flame             Conj/Fire      70%        2d8       1%          4
 Summon Ice Beast         Ice/Summ       70%        N/A       1%          4
 Alistair's Intoxication  Tmut/Pois      46%        N/A       5%          5
 Arcjolt                  Conj/Air       35%        1d45      5%          5
 Fireball                 Conj/Fire      35%        3d15      5%          5
 Iskenderun's Battlesphe  Conj           70%        2d12      5%          5
 Lee's Rapid Deconstruct  Erth           35%        3d18*     5%          5
 Lightning Bolt           Conj/Air       35%        1d53      5%          5
 Metabolic Englaciation   Hex/Ice        35%        N/A       5%          5
 Conjure Ball Lightning   Conj/Air       35%        3x3d11    28%         6
 Dispersal                Tloc           35%        N/A       28%         6
 Eringya's Noxious Bog    Tmut/Pois      35%        N/A       28%         6
 Simulacrum               Ice/Necr       35%        N/A       28%         6
 Summon Cactus Giant      Summ           35%        N/A       28%         6
 Dragon Form              Tmut           35%        N/A       85%         7
 Haunt                    Necr/Summ      35%        N/A       85%         7
 Orb of Destruction       Conj           35%        9d10      85%         7
 Summon Hydra             Summ           35%        N/A       85%         7
 Borgnjor's Revivificati  Necr           35%        N/A       100%        8
 Disjunction              Tloc           35%        N/A       100%        8
 Ignition                 Fire           35%        3d11      100%        8
 Infestation              Necr           35%        N/A       100%        8
 Chain Lightning          Conj/Air       35%        3d46      100%        9
 Death's Door             Necr           35%        N/A       100%        9
 Dragon's Call            Summ           35%        N/A       100%        9
 Fire Storm               Conj/Fire      35%        8d9       100%        9
 Shatter                  Erth           35%        3d28*     100%        9


Dungeon Overview and Level Annotations

Branches:
Dungeon (15/15)            Temple (0/1) D:7            Lair (5/5) D:11
 Shoals (0/4) Lair:3        Snake (4/4) Lair:3        Slime (0/5) Lair:4
    Orc (2/2) D:10            Elf (0/3) Orc:2        Vaults (0/5) D:14
 Depths (0/4) D:15         Bailey (visited)

Altars:
Ashenzari
Cheibriados
Dithmenos
Elyvilon
Fedhas
Kikubaaqudgha
Okawaru
Sif Muna
Vehumet
Yredelemnul

Shops:
D:4 (   D:6 :   D:11 [*   Orc:2 *(==*   Snake:2 :   Snake:4 !(*?

Annotations:
Snake:4 Aizul


Innate Abilities, Weirdness & Mutations

You have very sharp teeth.
Your uncanny sense of smell can sniff out nearby items.
Your experience applies equally to all skills.
You possess an exceptional clarity of mind.


Message History

You hear a shout!
You miss Aizul.
Aizul is heavily wounded.
You slice the guardian serpent!!
Lightning courses through the guardian serpent!
You kill the guardian serpent!
Cheibriados thoroughly appreciates the change of pace.
You feel very sick.
You hear a shout!
You hear an angry hiss.
Aizul coils herself and waves her upper body at you.
The bolt of poison misses you. The nagaraja spits poison at you.
You block the splash of poison. The naga warrior spits poison at you.
You block the splash of poison.
You slice Aizul!!
Aizul is heavily wounded.
You feel sick. You block Aizul's attack.
The nagaraja hits you from afar with a +0 spear!
* * * LOW HITPOINT WARNING * * *
You block the naga warrior's attack. Aizul hits you but does no damage.
You slice Aizul!!
Aizul is severely wounded.
You feel sick. Aizul casts a spell at you. The bolt of poison hits you!
You are more poisoned.
* * * LOW HITPOINT WARNING * * *
You block the nagaraja's attack.
The naga warrior hits you from afar with a +0 halberd!
* * * LOW HITPOINT WARNING * * *
You feel much better.
You feel very sick. You block Aizul's attack.
The nagaraja points at you and mumbles some strange words.
The bolt of poison hits you!!
You are lethally poisoned!
* * * LOW HITPOINT WARNING * * *
The naga warrior hits you from afar with a +0 halberd!
You die...

..#..............#
####.....
..#..............####+
#####.
###...[...............
###
.......#######.....##.
#.#
......##....)......#
#..
......#.....))....##
#..
......#....#########
##.
......##.......)†S.###
##..
......[###......@)N..#
##..#
.....[..)########)....#
##.... ......)).......#
#N...# ##....∩
............#### ...##
##...... ...........##
.##...#.......
...........# ##
.....#.∩..#
...........#
...#.(.....
.........### ##......
........## ##....∩


You could see Aizul, a nagaraja (strong) and a naga warrior (strong, catching
breath).

Vanquished Creatures
  Donald (Snake:4)
  Roxanne (D:15)
  Kirke (D:13)
  A nagaraja (Snake:4)
  Louise (D:15)
  A broodmother (shapeshifter) (D:12)
  The ghost of Anon1729 the Carver, a journeyman MfMo of Ashenzari (D:12)
  Josephine (Lair:3)
  A yaktaur captain (D:14)
  Erolcha (Orc:1)
  2 catoblepae
  5 hydras
  An ogre mage (D:15)
  11 two-headed ogres
  8 centaur warriors
  A deep troll shaman (Lair:5)
  A death knight (D:13)
  A boulder beetle (D:10)
  3 tengu warriors
  16 naga warriors
  19 anacondas
  A vampire mage (D:15)
  3 death yaks (Lair:5)
  2 orc high priests
  11 naga sharpshooters
  3 shock serpents
  Amaemon (Lair:3)
  5 skeletal warriors
  Lodul (D:12)
  A glowing orange brain (D:12)
  4 naga ritualists
  5 sea snakes (Snake:1)
  Pikel (D:7)
  A necromancer (D:15)
  A fire giant zombie (D:15)
  A wizard (D:9)
  9 mana vipers
  11 salamanders
  A deep elf pyromancer (D:15)
  11 cyclopes
  An orc sorcerer (Orc:2)
  28 ugly things
  11 orc knights
  2 manticores
  3 iron dragon skeletons (D:15)
  20 elephants
  28 black mambas
  7 cane toads
  6 guardian serpents
  17 naga magi
  A gargoyle (D:11)
  An orange demon (Lair:3)
  A torpor snail (Lair:5)
  3 unseen horrors
  A rime drake (shapeshifter) (D:12)
  2 rime drakes
  A komodo dragon (shapeshifter) (D:12)
  5 komodo dragons
  4 kobold demonologists
  2 yaktaurs (D:14)
  5 polar bears
  11 meliai
  9 trolls
  18 blink frogs
  6 saltlings (Orc:2)
  8 dream sheep (Lair:5)
  5 slime creatures
  6 wyverns
  A shadow (D:10)
  A yak (shapeshifter) (D:12)
  12 wraiths
  4 basilisks
  45 yaks
  4 steam dragons
  3 hogs (D:13)
  2 neqoxecs (D:12)
  8 vampire mosquitoes
  47 nagas
  A warg (Orc:2)
  3 acid dragons
  5 large abominations (D:9)
  10 water moccasins
  2 black bears
  An ice beast (shapeshifter) (D:12)
  30 orc warriors
  An ice beast (D:8)
  5 boggarts (D:15)
  15 ogres
  22 centaurs
  41 wolves
  A lemure (D:7)
  4 phantoms
  10 kobold brigands
  Blork the orc (D:6)
  A gnoll sergeant (D:9)
  2 necrophages
  16 bullfrogs
  4 scorpions
  7 small abominations (D:9)
  A troll zombie (D:10)
  14 wights
  12 killer bees
  2 vampire bats (D:10)
  8 howler monkeys
  2 hounds
  Crazy Yiuf (D:7)
  16 orc priests
  2 jellies
  A scorpion zombie (D:3)
  4 iguanas
  21 orc wizards
  5 ogre zombies (D:10)
  A hound zombie (D:3)
  9 gnolls
  11 adders
  A shadow imp (D:7)
  5 white imps
  A worm (D:5)
  2 dart slugs
  95 orcs
  A bat skeleton (D:10)
  4 bat zombies (D:10)
  7 endoplasms
  5 goblins
  7 hobgoblins
  9 jackals (D:4)
  27 kobolds
  5 quokkas
  5 ball pythons
  A ball python zombie (D:3)
  4 bats
  3 frilled lizards
  A goblin skeleton (D:10)
  A hobgoblin skeleton (D:10)
  2 hobgoblin zombies (D:10)
  5 orc skeletons (D:10)
  10 orc zombies (D:10)
  A quokka zombie (D:3)
  9 rats
  A pillar of salt (Orc:2)
994 creatures vanquished.

Vanquished Creatures (others)
  A black mamba (Snake:1)
  A quokka (D:9)
  44 fungi
  A pillar of salt (Orc:2)
  41 plants
  6 withered plants (D:15)
94 creatures vanquished.

Grand Total: 1088 creatures vanquished

Notes
Turn   | Place    | Note
-------+----------+-------------------------------------------
     0 | D:1      | Reached skill level 10 in Axes
     0 | D:1      | Crownlay the Gnoll Wanderer began the quest for the Orb.
     0 | D:1      | Crownlay set off with the following items: a +2 hand axe, a
                  | potion of attraction, a +0 buckler, a scroll of blinking, a
                  | +0 robe.
     0 | D:1      | Reached XP level 1. HP: 20/20 MP: 4/4
   152 | D:1      | Reached XP level 2. HP: 26/26 MP: 5/5
   393 | D:1      | Reached XP level 3. HP: 31/31 MP: 7/7
   568 | D:1      | Reached skill level 1 in Invocations
   739 | D:2      | Reached skill level 1 in Short Blades
   739 | D:2      | Reached skill level 1 in Long Blades
   739 | D:2      | Reached skill level 1 in Maces & Flails
   739 | D:2      | Reached skill level 1 in Polearms
   739 | D:2      | Reached skill level 1 in Staves
   739 | D:2      | Reached skill level 1 in Ranged Weapons
   739 | D:2      | Reached skill level 1 in Throwing
   739 | D:2      | Reached skill level 1 in Armour
   739 | D:2      | Reached skill level 1 in Dodging
   739 | D:2      | Reached skill level 1 in Stealth
   739 | D:2      | Reached skill level 1 in Unarmed Combat
   806 | D:2      | Reached XP level 4. HP: 35/38 MP: 8/8
   818 | D:2      | Reached skill level 1 in Conjurations
   818 | D:2      | Reached skill level 1 in Hexes
   818 | D:2      | Reached skill level 1 in Summonings
   818 | D:2      | Reached skill level 1 in Necromancy
   818 | D:2      | Reached skill level 1 in Translocations
   818 | D:2      | Reached skill level 1 in Transmutations
   818 | D:2      | Reached skill level 1 in Fire Magic
   818 | D:2      | Reached skill level 1 in Ice Magic
   818 | D:2      | Reached skill level 1 in Air Magic
   818 | D:2      | Reached skill level 1 in Earth Magic
   818 | D:2      | Reached skill level 1 in Poison Magic
  1439 | D:3      | Reached XP level 5. HP: 32/43 MP: 6/9
  1453 | D:3      | Identified the +2 war axe of Indomitability {elec, Str+4}
  1533 | D:3      | You fall into a shaft and drop 2 floors!
  1533 | D:5      | Entered Level 5 of the Dungeon
  1733 | D:5      | Reached XP level 6. HP: 24/50 MP: 5/11
  1825 | D:5      | Found a radiant altar of Vehumet.
  1855 | D:5      | Reached skill level 5 in Fighting
  1929 | D:3      | Found a basalt altar of Yredelemnul.
  2477 | D:4      | Reached XP level 7. HP: 53/56 MP: 12/12
  2674 | D:4      | Found Keuschai's Antique Weapon Shop.
  3008 | D:5      | Found a shadowy altar of Dithmenos.
  3319 | D:5      | Reached XP level 8. HP: 45/63 MP: 10/14
  3528 | D:6      | Reached skill level 11 in Axes
  3915 | D:6      | Noticed Blork the orc
  3926 | D:6      | Killed Blork the orc
  4204 | D:6      | Found a snail-covered altar of Cheibriados.
  4207 | D:6      | Became a worshipper of Cheibriados the Contemplative
  4344 | D:6      | Found Cul Haenluu's Book Shop.
  4466 | D:6      | Found a blossoming altar of Fedhas.
  4544 | D:7      | Reached XP level 9. HP: 65/69 MP: 14/16
  4585 | D:7      | Found a staircase to the Ecumenical Temple.
  4697 | D:7      | Reached skill level 5 in Spellcasting
  4906 | D:7      | Noticed Pikel
  4919 | D:7      | Killed Pikel
  4920 | D:7      | Reached skill level 5 in Shields
  4920 | D:7      | Reached skill level 5 in Evocations
  5074 | D:7      | Found an iron altar of Okawaru.
  5096 | D:7      | Reached * piety under Cheibriados
  5097 | D:7      | Reached skill level 5 in Invocations
  5208 | D:7      | Found a runed translucent door.
  5209 | D:7      | Noticed Crazy Yiuf
  5521 | D:7      | Killed Crazy Yiuf
  5602 | D:8      | Found a flagged portal.
  5611 | Bailey   | Entered a bailey
  6050 | Bailey   | Noticed an orc knight
  6065 | Bailey   | Reached skill level 5 in Short Blades
  6065 | Bailey   | Reached skill level 5 in Long Blades
  6065 | Bailey   | Reached skill level 5 in Maces & Flails
  6065 | Bailey   | Reached skill level 5 in Polearms
  6065 | Bailey   | Reached skill level 5 in Staves
  6065 | Bailey   | Reached skill level 5 in Ranged Weapons
  6065 | Bailey   | Reached skill level 5 in Throwing
  6065 | Bailey   | Reached skill level 5 in Armour
  6065 | Bailey   | Reached skill level 5 in Dodging
  6065 | Bailey   | Reached skill level 5 in Stealth
  6065 | Bailey   | Reached skill level 5 in Unarmed Combat
  6065 | Bailey   | Reached XP level 10. HP: 23/77 MP: 6/18
  6068 | Bailey   | Killed an orc knight
  6070 | Bailey   | Noticed an orc knight
  6081 | Bailey   | Reached ** piety under Cheibriados
  6086 | Bailey   | Killed an orc knight
  6267 | Bailey   | Acquired the amulet "Ucejioss" {Faith Will++ Int-4 Slay+2}
  6267 | Bailey   | Noticed an orc knight
  6294 | Bailey   | Killed an orc knight
  6499 | Bailey   | Acquired the +4 pair of boots of Arcadian Satisfaction
                  | {Str+9}
  6991 | D:8      | Noticed a centaur warrior
  6999 | D:8      | Killed a centaur warrior
  7000 | D:8      | Reached skill level 12 in Axes
  7164 | D:8      | Found a shimmering blue altar of Sif Muna.
  7288 | D:8      | Reached skill level 5 in Conjurations
  7288 | D:8      | Reached skill level 5 in Hexes
  7288 | D:8      | Reached skill level 5 in Summonings
  7288 | D:8      | Reached skill level 5 in Necromancy
  7288 | D:8      | Reached skill level 5 in Translocations
  7288 | D:8      | Reached skill level 5 in Transmutations
  7288 | D:8      | Reached skill level 5 in Fire Magic
  7288 | D:8      | Reached skill level 5 in Ice Magic
  7288 | D:8      | Reached skill level 5 in Air Magic
  7288 | D:8      | Reached skill level 5 in Earth Magic
  7288 | D:8      | Reached skill level 5 in Poison Magic
  7358 | D:8      | Reached XP level 11. HP: 85/85 MP: 21/21
  7361 | D:8      | Reached *** piety under Cheibriados
  8018 | D:9      | Noticed a soul eater
  8027 | D:8      | Reached **** piety under Cheibriados
  8150 | D:9      | Found a white marble altar of Elyvilon.
  8376 | D:9      | Noticed a wizard
  8386 | D:9      | Killed a wizard
  8465 | D:9      | Found a broken altar of Ashenzari.
  8611 | D:9      | Noticed a large abomination
  8628 | D:9      | Killed a large abomination
  8849 | D:9      | Identified the +5 spear of the Ass {elec, Dex+5}
  9096 | D:10     | Entered Level 10 of the Dungeon
  9126 | D:10     | Found a staircase to the Orcish Mines.
  9434 | D:10     | Reached ***** piety under Cheibriados
  9510 | D:10     | Found a large runed translucent door.
  9510 | D:10     | Found a large runed translucent door.
  9511 | D:10     | Noticed a naga warrior
  9540 | D:10     | Reached XP level 12. HP: 84/94 MP: 23/23
  9964 | D:10     | Found an ancient bone altar of Kikubaaqudgha.
 10302 | D:11     | Noticed a centaur warrior
 10305 | D:11     | Noticed a centaur warrior
 10310 | D:11     | Killed a centaur warrior
 10311 | D:11     | Killed a centaur warrior
 10511 | D:11     | Noticed a two-headed ogre
 10516 | D:11     | Killed a two-headed ogre
 10902 | D:11     | Noticed a boulder beetle
 10922 | D:10     | Killed a boulder beetle
 11523 | D:11     | Found a staircase to the Lair.
 11709 | D:11     | Found Gueh Bio's General Store.
 11717 | D:11     | Bought a scroll of fear for 48 gold pieces
 11717 | D:11     | Bought a scroll of fear for 48 gold pieces
 11717 | D:11     | Bought a scroll of identify for 24 gold pieces
 11717 | D:11     | Bought a potion of curing for 36 gold pieces
 11873 | D:11     | Found Keit's Armour Boutique.
 11882 | D:11     | Bought the +2 ring mail of Foolhardiness {Slay+4 SInv
                  | Stlth+} for 492 gold pieces
 12049 | Lair:1   | Entered Level 1 of the Lair of Beasts
 12056 | Lair:1   | Reached ****** piety under Cheibriados
 12062 | Lair:1   | Reached skill level 13 in Axes
 12407 | Lair:1   | Learned a level 5 spell: Borgnjor's Vile Clutch
 12467 | Lair:1   | Reached XP level 13. HP: 101/101 MP: 25/25
 13631 | Lair:3   | Identified the ring "Japnecvimn" {rPois Int+4}
 13687 | Lair:3   | Noticed Josephine
 13713 | Lair:3   | Killed Josephine
 13860 | Lair:3   | Reached skill level 10 in Fighting
 13885 | Lair:3   | Found a staircase to the Snake Pit.
 13895 | Lair:3   | Noticed Amaemon
 13907 | Lair:3   | Killed Amaemon
 14305 | Lair:3   | Found a staircase to the Shoals.
 14745 | Lair:4   | Found a staircase to the Slime Pits.
 14791 | Lair:4   | Reached XP level 14. HP: 103/110 MP: 27/27
 14794 | Lair:4   | Reached skill level 10 in Invocations
 15394 | Lair:5   | Entered Level 5 of the Lair of Beasts
 15944 | Lair:5   | Reached skill level 10 in Spellcasting
 16171 | Lair:5   | Reached skill level 10 in Shields
 16171 | Lair:5   | Reached skill level 10 in Evocations
 16389 | Lair:5   | Reached skill level 14 in Axes
 16624 | Lair:5   | Identified the +6 flail of Skirmishing {flame, rF- Str+6
                  | Dex+3}
 17173 | D:10     | Found an iron altar of Okawaru.
 17173 | D:10     | Found an iron altar of Okawaru.
 17288 | D:10     | Found the +7 great mace "Undeadhunter" {disrupt, rN+}
 17611 | Orc:1    | Entered Level 1 of the Orcish Mines
 17628 | Orc:1    | Reached skill level 10 in Short Blades
 17628 | Orc:1    | Reached skill level 10 in Long Blades
 17628 | Orc:1    | Reached skill level 10 in Maces & Flails
 17628 | Orc:1    | Reached skill level 10 in Polearms
 17628 | Orc:1    | Reached skill level 10 in Staves
 17628 | Orc:1    | Reached skill level 10 in Ranged Weapons
 17628 | Orc:1    | Reached skill level 10 in Throwing
 17628 | Orc:1    | Reached skill level 10 in Armour
 17628 | Orc:1    | Reached skill level 10 in Dodging
 17628 | Orc:1    | Reached skill level 10 in Stealth
 17628 | Orc:1    | Reached skill level 10 in Unarmed Combat
 17655 | Orc:1    | Noticed Erolcha
 17658 | Orc:1    | Killed Erolcha
 17953 | Orc:1    | Found a runed translucent door.
 17964 | Orc:1    | Reached XP level 15. HP: 80/118 MP: 29/29
 18601 | Orc:2    | Entered Level 2 of the Orcish Mines
 18689 | Orc:2    | Found Xulica's Assorted Antiques.
 18867 | Orc:2    | Found a staircase to the Elven Halls.
 19367 | Orc:2    | Found Onagot's Jewellery Shoppe.
 19385 | Orc:2    | Found Xouhes's Weapon Boutique.
 19387 | Orc:2    | Found Allopt's Assorted Antiques.
 19546 | Orc:2    | Bought a scroll of identify for 64 gold pieces
 19556 | Orc:2    | Found Gitwuife's Jewellery Shop.
 20045 | D:12     | Noticed Lodul
 20062 | D:12     | Killed Lodul
 20503 | D:12     | Found a runed translucent gate.
 20503 | D:12     | Found a runed translucent gate.
 20503 | D:12     | Found a runed translucent gate.
 20600 | D:12     | Found a runed translucent gate.
 20600 | D:12     | Found a runed translucent gate.
 20605 | D:12     | Found a runed translucent gate.
 20606 | D:12     | Noticed Anon1729's ghost (journeyman MfMo)
 20616 | D:12     | Gained mutation: You sometimes lose your temper in combat.
                  | [a neqoxec]
 20621 | D:12     | Gained mutation: You have an uncontrollable temper. [a
                  | neqoxec]
 20623 | D:12     | Gained mutation: You occasionally lose the ability to drink
                  | potions when taking damage. [a neqoxec]
 20625 | D:12     | Killed Anon1729's ghost
 20719 | D:12     | Gained mutation: Your spells are a little easier to cast,
                  | but a little less powerful. [mutagenic glow]
 20727 | D:12     | Gained mutation: You are dopey. (Int -2) [mutagenic glow]
 20735 | D:12     | Lost mutation: You are dopey. (Int -2) [potion of mutation]
 20735 | D:12     | Lost mutation: You occasionally lose the ability to drink
                  | potions when taking damage. [potion of mutation]
 20735 | D:12     | Lost mutation: You have an uncontrollable temper. [potion
                  | of mutation]
 20735 | D:12     | Gained mutation: You are somewhat resistant to further
                  | mutation. [potion of mutation]
 20735 | D:12     | Gained mutation: You passively dampen the noise of your
                  | surroundings. [potion of mutation]
 20736 | D:12     | Lost mutation: You passively dampen the noise of your
                  | surroundings. [potion of mutation]
 20736 | D:12     | Lost mutation: You sometimes lose your temper in combat.
                  | [potion of mutation]
 20736 | D:12     | Lost mutation: You are somewhat resistant to further
                  | mutation. [potion of mutation]
 20736 | D:12     | Gained mutation: You are strong-willed. (Will+) [potion of
                  | mutation]
 20736 | D:12     | Gained mutation: You are dopey. (Int -2) [potion of
                  | mutation]
 20736 | D:12     | Gained mutation: You are weak. (Str -2) [potion of
                  | mutation]
 20737 | D:12     | Lost mutation: Your spells are a little easier to cast, but
                  | a little less powerful. [potion of mutation]
 20737 | D:12     | Lost mutation: You are dopey. (Int -2) [potion of mutation]
 20737 | D:12     | Lost mutation: You are strong-willed. (Will+) [potion of
                  | mutation]
 20737 | D:12     | Gained mutation: You expend magic power (3 MP) to
                  | strengthen your wands. [potion of mutation]
 20737 | D:12     | Gained mutation: Your magical capacity is low. (-10% MP)
                  | [potion of mutation]
 20737 | D:12     | Gained mutation: Your spells are a little harder to cast,
                  | but a little more powerful. [potion of mutation]
 20737 | D:12     | Gained mutation: You have sharp fingernails. [potion of
                  | mutation]
 20738 | D:12     | Lost mutation: You expend magic power (3 MP) to strengthen
                  | your wands. [potion of mutation]
 20738 | D:12     | Lost mutation: Your magical capacity is low. (-10% MP)
                  | [potion of mutation]
 20738 | D:12     | Lost mutation: You have sharp fingernails. [potion of
                  | mutation]
 20738 | D:12     | Gained mutation: You occasionally shout uncontrollably at
                  | your foes. [potion of mutation]
 20739 | D:12     | Lost mutation: Your spells are a little harder to cast, but
                  | a little more powerful. [potion of mutation]
 20739 | D:12     | Lost mutation: You occasionally shout uncontrollably at
                  | your foes. [potion of mutation]
 20739 | D:12     | Gained mutation: You are dopey. (Int -2) [potion of
                  | mutation]
 20747 | D:12     | Gained mutation: Your spells are a little easier to cast,
                  | but a little less powerful. [mutagenic glow]
 21248 | D:13     | Identified the +0 ring mail of Xokhliasch {Slay+2}
 21809 | D:13     | Noticed Kirke
 21826 | D:13     | Killed Kirke
 21909 | D:13     | Reached XP level 16. HP: 127/127 MP: 31/31
 22280 | D:14     | Found a gate to the Vaults.
 23431 | D:15     | Entered Level 15 of the Dungeon
 23721 | D:15     | Got Lyv Xets's Parchment of Attendants and the Blaze
 23727 | D:15     | Reached skill level 15 in Axes
 23955 | D:15     | Found a staircase to the Depths.
 24241 | D:15     | Identified the +6 tower shield "Momaq" {rElec}
 24241 | D:15     | Noticed Louise
 24278 | D:15     | Killed Louise
 24606 | Orc:2    | Bought a potion of heal wounds for 110 gold pieces
 24606 | Orc:2    | Bought a scroll of identify for 44 gold pieces
 24606 | Orc:2    | Bought a potion of heal wounds for 110 gold pieces
 24606 | Orc:2    | Bought a scroll labelled DIARED NYVUUSCH for 22 gold pieces
 24606 | Orc:2    | Bought a scroll of teleportation for 66 gold pieces
 25146 | D:15     | Noticed Roxanne
 25171 | D:15     | Killed Roxanne
 25503 | Snake:1  | Entered Level 1 of the Snake Pit
 25989 | Snake:1  | Reached XP level 17. HP: 87/135 MP: 33/33
 26196 | Snake:1  | Reached skill level 10 in Conjurations
 26196 | Snake:1  | Reached skill level 10 in Hexes
 26196 | Snake:1  | Reached skill level 10 in Summonings
 26196 | Snake:1  | Reached skill level 10 in Necromancy
 26196 | Snake:1  | Reached skill level 10 in Translocations
 26196 | Snake:1  | Reached skill level 10 in Transmutations
 26196 | Snake:1  | Reached skill level 10 in Fire Magic
 26196 | Snake:1  | Reached skill level 10 in Ice Magic
 26196 | Snake:1  | Reached skill level 10 in Air Magic
 26196 | Snake:1  | Reached skill level 10 in Earth Magic
 26196 | Snake:1  | Reached skill level 10 in Poison Magic
 27518 | Snake:1  | Learned a level 6 spell: Statue Form
 28283 | Snake:2  | Found Nulusaru's Book Shoppe.
 28650 | Snake:3  | Upgraded the game from 0.30-a0-578-gdee14c521f to
                  | 0.30-a0-585-g93115170b9
 28836 | Snake:3  | Learned a level 8 spell: Necromutation
 29523 | Snake:4  | Entered Level 4 of the Snake Pit
 29879 | Snake:4  | Noticed Donald
 29893 | Snake:4  | Killed Donald
 30100 | Snake:4  | Found Wouplea's Magic Scroll Boutique.
 30102 | Snake:4  | Found Leusm's General Store.
 30102 | Snake:4  | Found Teowon's Antique Weapon Shop.
 30108 | Snake:4  | Found Xyher's Distillery.
 30164 | Snake:4  | Bought a potion of heal wounds for 75 gold pieces
 30164 | Snake:4  | Bought a potion of resistance for 150 gold pieces
 30164 | Snake:4  | Bought a scroll of magic mapping for 112 gold pieces
 30167 | Snake:4  | Bought a potion of heal wounds for 65 gold pieces
 30167 | Snake:4  | Bought a potion of heal wounds for 65 gold pieces
 30170 | Snake:4  | Lost mutation: You are dopey. (Int -2) [potion of mutation]
 30170 | Snake:4  | Lost mutation: You are weak. (Str -2) [potion of mutation]
 30170 | Snake:4  | Lost mutation: Your spells are a little easier to cast, but
                  | a little less powerful. [potion of mutation]
 30170 | Snake:4  | Gained mutation: You have a pair of small antennae on your
                  | head. [potion of mutation]
 30171 | Snake:4  | Lost mutation: You have a pair of small antennae on your
                  | head. [potion of mutation]
 30171 | Snake:4  | Gained mutation: You are dopey. (Int -2) [potion of
                  | mutation]
 30171 | Snake:4  | Gained mutation: You have hidden genetic defects. [potion
                  | of mutation]
 30172 | Snake:4  | Lost mutation: You have hidden genetic defects. [potion of
                  | mutation]
 30172 | Snake:4  | Lost mutation: You are dopey. (Int -2) [potion of mutation]
 30172 | Snake:4  | Gained mutation: Your spells are a little easier to cast,
                  | but a little less powerful. [potion of mutation]
 30172 | Snake:4  | Lost mutation: Your spells are a little easier to cast, but
                  | a little less powerful. [potion of mutation]
 30172 | Snake:4  | Gained mutation: You possess an exceptional clarity of
                  | mind. [potion of mutation]
 30435 | Snake:4  | Reached XP level 18. HP: 17/143 MP: 34/34
 30445 | Snake:4  | HP: 5/140 [something (8)]
 30907 | Snake:4  | Noticed Aizul
 30914 | Snake:4  | Reached skill level 16 in Axes
 30917 | Snake:4  | HP: 5/143 [naga warrior/+0 halberd (16)]
 30918 | Snake:4  | Slain by a naga warrior

Illustrated notes

Levels and vault maps discovered:
D:1:      dpeg_arrival_tiny_d, layout_loops_ring
D:2:      layout_loops_ring, kennysheep_potato
D:3:      layout_loops_ring, nicolae_yredelemnul_corpse_copse
D:4:      layout_cave_pools, serial_shops, shop
D:5:      layout_basic, overflow_temple_1_default, vehumet_crystals
D:6:      layout_loops_ring, mainiacjoe_overflow_swirl, serial_shops,
          kennysheep_little_box, hangedman_decor_diamond_cutter,
          uniq_blork_the_orc
D:7:      layout_loops_ring, mainiacjoe_overflow_cross_hatched,
          minmay_temple_entry_gardened_gates, uniq_crazy_yiuf_cottage,
          uniq_pikel
D:8:      layout_basic, nicolae_overflow_hidden_temple, enter_bailey_2
D:9:      layout_rooms, elyvilon_altar_4, general_overflow_altar, laboratory
D:10:     okawaru_arena_lexackson, layout_irregular_city,
          kennysheep_vampire_church, zombieorc1_lemuel, lightli_orcish_oven
D:11:     minmay_inside_and_out, layout_irregular_city, serial_shops,
          nicolae_shop_waterfront, nicolae_shop_advertising_works
          [nicolae_subvault_shop_adworks]
D:12:     layout_long_grid, ploomutoo_gammafunk_ghost_potion_laboratory,
          uniq_lodul
D:13:     layout_grid_maze, lightli_fourway_metalbox, uniq_kirke
D:14:     layout_gridville, david_vaults_2, nicolae_figureground_pulse,
          eino_jars
D:15:     gammafunk_depths_entry_grave, layout_cave_pools, corexii_corridor_pit,
          uniq_roxanne, uniq_louise
Lair:1:   hellmonk_destroyed_diamonds, layout_regular_city, grunt_megastairs_2
Lair:2:   layout_chaotic_city, beast_lair_carwin_2
Lair:3:   layout_concentric_octagons, minmay_shoals_entry_centaurs,
          minmay_snake_entry_guardpost_large, lemuel_fruit_fields,
          uniq_josephine, uniq_amaemon
Lair:4:   layout_regular_city, dpeg_slime_entry_corner
Lair:5:   grunt_lair_end_beastmaster, layout_cave_pods,
          infiniplex_staircase_pool, serial_bayou_shore_b, grunt_megastairs_1
Snake:1:  minmay_snake_river, layout_cave_shapes, grunt_megastairs_5
Snake:2:  layout_misc_corridors, serial_shops, shop_statue, st_stairs_8
Snake:3:  layout_cave_town
Snake:4:  grunt_snake_rune_serpentine_throne, layout_cave_town,
          nicolae_large_snake_swirl, lemuel_fruit_tree, minmay_shoptagon,
          uniq_vashnia, uniq_aizul, uniq_donald
Orc:1:    layout_diamond_mine, lightli_church_of_beogh, uniq_erolcha
Orc:2:    hellmonk_orc_salted, layout_diamond_mine, serial_shops, shop

Skill      XL: |  1  2  3  4  5  6  7  8  9 10 11 12 13 14 15 16 17 18 |
---------------+-------------------------------------------------------+-----
Axes           | 11 12 13 14 15 16 | 16.0
Invocations    | 1 2 3 4 5 6 7 8 9 10 11 12 13 | 13.6
Short Blades   | 1 2 3 5 6 7 8 9 10 11 12 | 12.6
Long Blades    | 1 2 3 5 6 7 8 9 10 11 12 | 12.6
Maces & Flails | 1 2 3 5 6 7 8 9 10 11 12 | 12.6
Polearms       | 1 2 3 5 6 7 8 9 10 11 12 | 12.6
Staves         | 1 2 3 5 6 7 8 9 10 11 12 | 12.6
Ranged Weapons | 1 2 3 5 6 7 8 9 10 11 12 | 12.6
Throwing       | 1 2 3 5 6 7 8 9 10 11 12 | 12.6
Armour         | 1 2 3 5 6 7 8 9 10 11 12 | 12.6
Dodging        | 1 2 3 5 6 7 8 9 10 11 12 | 12.6
Stealth        | 1 2 3 5 6 7 8 9 10 11 12 | 12.6
Unarmed Combat | 1 2 3 5 6 7 8 9 10 11 12 | 12.6
Spellcasting   | 3 4 5 6 7 8 9 10 11 12 | 12.9
Conjurations   | 1 2 3 4 5 6 7 8 9 10 | 10.6
Hexes          | 1 2 3 4 5 6 7 8 9 10 | 10.6
Summonings     | 1 2 3 4 5 6 7 8 9 10 | 10.6
Necromancy     | 1 2 3 4 5 6 7 8 9 10 | 10.6
Translocations | 1 2 3 4 5 6 7 8 9 10 | 10.6
Transmutations | 1 2 3 4 5 6 7 8 9 10 | 10.6
Fire Magic     | 1 2 3 4 5 6 7 8 9 10 | 10.6
Ice Magic      | 1 2 3 4 5 6 7 8 9 10 | 10.6
Air Magic      | 1 2 3 4 5 6 7 8 9 10 | 10.6
Earth Magic    | 1 2 3 4 5 6 7 8 9 10 | 10.6
Poison Magic   | 1 2 3 4 5 6 7 8 9 10 | 10.6
Shields        | 3 4 5 6 7 8 9 10 11 12 | 12.8
Evocations     | 3 4 5 6 7 8 9 10 11 12 | 12.8
Fighting       | 5 6 7 8 9 10 11 12 13 | 13.3

Action                   |  1- 3 |  4- 6 |  7- 9 | 10-12 | 13-15 | 16-18 || total
-------------------------+-------+-------+-------+-------+-------+-------++-------
Melee: Hand axe          |    84 |    54 |       |       |       |       ||   138
       Bite              |     5 |     5 |    33 |    43 |   112 |    93 ||   291
       War axe           |       |    77 |   290 |   446 |   746 |   191 ||  1750
       Spear             |       |       |       |       |    10 |       ||    10
       Broad axe         |       |       |       |       |       |   389 ||   389
       Flail             |       |       |       |       |       |     6 ||     6
Throw: Throwing net      |       |       |     1 |       |       |       ||     1
       Boomerang         |       |       |       |       |    25 |   194 ||   219
 Cast: Borgnjor's Vile C |       |       |       |       |       |     8 ||     8
Invok: Bend Time         |       |       |       |     3 |       |     1 ||     4
       Slouch            |       |       |       |     2 |     4 |       ||     6
Evoke: Wand              |       |       |       |    18 |    15 |     9 ||    42
       Condenser vane    |       |       |       |       |       |     1 ||     1
  Use: Scroll            |       |     1 |     7 |    15 |    12 |    16 ||    51
       Potion            |       |       |     1 |     4 |     7 |     6 ||    18
 Stab: Sleeping          |     2 |       |       |     2 |    19 |     9 ||    32
       Petrified         |       |       |       |       |     4 |       ||     4
Armor: Leather armour    |    15 |       |       |       |       |       ||    15
       Plate armour      |     9 |    76 |   119 |   207 |       |       ||   411
       Ring mail         |       |       |       |     6 |   143 |   110 ||   259
Dodge: Dodged            |    28 |    13 |    59 |   250 |   372 |   341 ||  1063
Block: Buckler           |    11 |    20 |    71 |   185 |   109 |       ||   396
       Tower shield      |       |       |       |       |   816 |   946 ||  1762

Table legend: (Time is in decaauts)
 A = Elapsed time spent in this place.
 B = Non-inter-level travel time spent in this place.
 C = Inter-level travel time spent in this place.
 D = Time resting spent in this place.
 E = Time spent auto-exploring this place.
 F = Levels seen in this place.
 G = Mean time per level.
                   A        B        C        D        E       F      G
               +--------+--------+--------+--------+--------+-----+--------+
         Total |  45391 |  41058 |   4333 |   2428 |  30156 |  27 | 1681.1 |
       Dungeon |  23437 |  20758 |   2679 |    778 |  16338 |  15 | 1562.5 |
          Lair |   8425 |   7953 |    472 |    586 |   5357 |   5 | 1685.0 |
     Snake Pit |   8415 |   7978 |    437 |    796 |   5484 |   4 | 2103.8 |
  Orcish Mines |   4098 |   3353 |    745 |    110 |   2380 |   2 | 2049.0 |
        Bailey |   1015 |   1015 |      0 |    158 |    595 |   1 | 1015.0 |
               +--------+--------+--------+--------+--------+-----+--------+

Top non-repeatable levels by time:
 Snake:1: 3436 daAuts
    D:10: 3436 daAuts
  Lair:5: 2529 daAuts
    D:11: 2438 daAuts
    D:13: 2324 daAuts
   Orc:1: 2188 daAuts
    D:12: 2112 daAuts
     D:8: 2020 daAuts
 Snake:4: 1983 daAuts
    D:15: 1927 daAuts
   Orc:2: 1909 daAuts
    D:14: 1862 daAuts
  Lair:4: 1737 daAuts
 Snake:3: 1646 daAuts
  Lair:1: 1448 daAuts
